 Dungeon Crawl Stone Soup version 0.19.1-1-g22dce08 (webtiles) character file.

5301 markt42 the Basher (level 10, -9/60 HPs)
             Began as a Gargoyle Fighter on Jan 7, 2017.
             Was a Priest of Okawaru.
             Engulfed by a fire crab (shapeshifter)'s flame (16 damage)
             ... on level 9 of the Dungeon.
             The game lasted 00:11:29 (8638 turns).

markt42 the Basher (Gargoyle Fighter)               Turns: 8638, Time: 00:11:30

Health: -9/60      AC: 29    Str: 23    XL:     10   Next: 63%
Magic:  10/10      EV:  6    Int:  8    God:    Okawaru [***...]
Gold:   59         SH: 11    Dex: 10    Spells: 0 memorised, 9 levels left

rFire  . . .     SeeInvis .     e - +0 morningstar
rCold  . . .     Gourm    .     E - +0 plate armour
rNeg   + . .     Faith    .     c - +0 shield
rPois  ∞         Spirit   .     D - +2 helmet
rElec  +         Reflect  .     s - +2 cloak
rCorr  .         Harm     .     k - +2 pair of gloves
MR     .....                    (no boots)
Stlth  ..........               (no amulet)
                                (no ring)
                                (no ring)

@: no status effects
A: negative energy resistance 1, electricity resistance, wild magic 1,
unbreathing, petrification resistance, rot immunity, AC +7
a: Heroism, Renounce Religion


You were on level 9 of the Dungeon.
You worshipped Okawaru.
Okawaru was most pleased with you.
You were very hungry.

You visited 2 branches of the dungeon, and saw 10 of its levels.

You collected 444 gold pieces.
You spent 385 gold pieces at shops.

Inventory:

Hand Weapons
 e - a +0 morningstar (weapon)
Armour
 c - a +0 shield (worn)
 k - a +2 pair of gloves (worn)
 s - a +2 cloak (worn)
 D - a +2 helmet (worn)
 E - a +0 plate armour (worn)
Wands
 g - a wand of flame (23/48)
 u - a wand of flame (20/48)
 v - a wand of paralysis (14/24)
 z - a wand of digging (21/24)
Scrolls
 a - a scroll of recharging {unknown}
 b - a scroll of enchant armour
 l - 7 scrolls of identify
 n - 6 scrolls of remove curse
 o - a scroll of immolation {unknown}
 x - a scroll of blinking {unknown}
 y - 2 scrolls of noise {unknown}
Potions
 h - 5 potions of curing
 j - a potion of flight {unknown}
 m - a potion of lignification {unknown}
 p - a potion of ambrosia {unknown}
 q - 4 potions of mutation {unknown}
 r - 2 potions of cancellation {unknown}
 t - 3 potions of agility {unknown}
 w - a potion of degeneration {unknown}
 B - a potion of heal wounds {unknown}
Comestibles
 f - 7 bread rations
 i - 3 meat rations
 C - 11 slices of pizza
 F - 3 beef jerkies
 G - 3 fruits


   Skills:
 + Level 5.7 Fighting
 * Level 11.7 Maces & Flails
 + Level 6.2 Armour
 + Level 1.9 Dodging
 + Level 8.7 Shields


You had 9 spell levels left.
You didn't know any spells.

Dungeon Overview and Level Annotations

Branches:
Dungeon (9/15)             Temple (1/1) D:7
   Lair: D:8-11         Orc: D:9-12

Altars:
Ashenzari
Cheibriados
Dithmenos
Elyvilon
Fedhas
Gozag
Hepliaklqana
Kikubaaqudgha
Makhleb
Nemelex Xobeh
Okawaru
Qazlal
Ru
Sif Muna
Trog
Uskayaw
Vehumet
Xom
Yredelemnul
Zin
The Shining One

Shops:
D:9 !*=


Innate Abilities, Weirdness & Mutations

You are resistant to torment.
Your stone body is resilient. (AC +7)
You are immune to poison.
You resist negative energy. (rN+)
You are resistant to electric shocks. (rElec)
You can survive without breathing.
You are immune to petrification.
You are immune to rotting.
Your spells are a little harder to cast, but a little more powerful.


Message History

A fire crab is nearby!
A fire crab is nearby!
Found 34 gold pieces and an inky potion.
Found a burning altar of Makhleb.
A catoblepas comes into view.
The fire crab breathes flames at you. The blast of flame engulfs you!
Unknown command.
You are engulfed in roaring flames.
You are engulfed in roaring flames.
The fire crab breathes flames at you. The blast of flame engulfs you!
You are engulfed in roaring flames.
The catoblepas is engulfed in roaring flames.
The fire crab breathes flames at you. The blast of flame engulfs you!
You are engulfed in roaring flames.
* * * LOW HITPOINT WARNING * * *
You are engulfed in roaring flames.
You die...

#### #.......#
####'##### #
###.##### #.# #
#.# #.#### #.#
#....# #.##
####.### # #..#
#.....# # ##.#
#.....# # #.#
#######t....##
#########.##
#§@§§..Y.....###
...........#
#§##+#####.....+
#########..# #§
##§..## #
#.....§§
##.##Y.#
#.#####§
#$..8..# #.# #§
..#$.Y§.## #.#
#. !.#$..§.# #..
#. _.#$..8.# #
#. . ##.##.#


You could see a catoblepas and a fire crab.

Vanquished Creatures
  The ghost of HopefulHyena the Basher, a journeyman HOFi of Beogh (D:8)
  The ghost of HopefulHyena the Cleaver, a novice MiFi of Makhleb (D:5)
  Grinder (D:3)
  A hungry ghost (D:7)
  4 hogs (D:7)
  A human (D:7)
  Duvessa (D:6)
  2 ice beasts
  2 orc warriors
  3 black bears
  3 ogres
  3 centaurs
  2 bullfrogs
  A gnoll sergeant (D:8)
  Dowan (D:6)
  2 scorpions
  6 killer bees
  3 howler monkeys (D:8)
  3 vampire bats (D:5)
  A centaur zombie (D:6)
  2 crimson imps
  A bullfrog zombie (D:8)
  A quasit (D:7)
  A jelly (D:8)
  Crazy Yiuf (D:6)
  2 orc priests
  3 hounds
  8 orc wizards
  A centaur skeleton (D:5)
  An iguana (D:8)
  Ijyb (D:3)
  12 worker ants
  A hound zombie (D:6)
  A hound skeleton (D:7)
  3 gnolls (D:8)
  12 adders
  A shadow imp (D:8)
  2 oozes
  3 worms
  5 leopard geckos
  11 orcs
  3 bat skeletons (D:5)
  2 bat zombies (D:5)
  7 giant cockroaches
  13 goblins
  8 hobgoblins
  22 jackals
  7 kobolds
  2 quokkas
  3 ball pythons
  9 bats
  A frilled lizard (D:3)
  A leopard gecko skeleton (D:5)
  4 rats
197 creatures vanquished.

Vanquished Creatures (others)
  6 fungi (D:8)
6 creatures vanquished.

Grand Total: 203 creatures vanquished

Notes
Turn   | Place    | Note
-------+----------+-------------------------------------------
     0 | D:1      | markt42 the Gargoyle Fighter began the quest for the Orb.
     0 | D:1      | Reached XP level 1. HP: 14/14 MP: 1/1
   371 | D:1      | Reached XP level 2. HP: 19/19 MP: 2/2
   953 | D:2      | Reached XP level 3. HP: 23/23 MP: 3/3
  1126 | D:2      | Found a stormy altar of Qazlal.
  1242 | D:2      | Reached skill level 3 in Maces & Flails
  1373 | D:2      | Reached XP level 4. HP: 25/28 MP: 4/4
  1990 | D:3      | Noticed Ijyb
  2004 | D:3      | Killed Ijyb
  2004 | D:3      | Reached XP level 5. HP: 33/33 MP: 5/5
  2182 | D:3      | Noticed Grinder
  2208 | D:3      | Paralysed by Grinder for 6 turns
  2220 | D:3      | Paralysed by Grinder for 2 turns
  2223 | D:3      | Killed Grinder
  2223 | D:3      | Reached skill level 5 in Maces & Flails
  2223 | D:3      | Reached XP level 6. HP: 28/38 MP: 6/6
  2523 | D:3      | Found a glowing golden altar of the Shining One.
  3324 | D:4      | Reached skill level 1 in Dodging
  3368 | D:5      | Entered Level 5 of the Dungeon
  3368 | D:5      | Noticed HopefulHyena's ghost (novice MiFi)
  3382 | D:5      | Killed HopefulHyena's ghost
  3382 | D:5      | Reached skill level 6 in Maces & Flails
  3382 | D:5      | Reached skill level 5 in Shields
  3382 | D:5      | Reached XP level 7. HP: 13/43 MP: 7/7
  3405 | D:4      | Reached skill level 7 in Maces & Flails
  3810 | D:5      | Reached XP level 8. HP: 44/48 MP: 8/8
  3968 | D:5      | Found an ancient bone altar of Kikubaaqudgha.
  4181 | D:5      | Reached skill level 8 in Maces & Flails
  5004 | D:6      | Found a runed door.
  5125 | D:6      | Reached skill level 9 in Maces & Flails
  5125 | D:6      | Reached XP level 9. HP: 51/52 MP: 9/9
  5173 | D:6      | Noticed Duvessa
  5175 | D:6      | Noticed Dowan
  5204 | D:6      | Killed Duvessa
  5210 | D:6      | Killed Dowan
  5437 | D:6      | Noticed Crazy Yiuf
  5447 | D:6      | Killed Crazy Yiuf
  5542 | D:7      | Found a staircase to the Ecumenical Temple.
  5555 | Temple   | Entered the Ecumenical Temple
  5702 | Temple   | Became a worshipper of Warmaster Okawaru
  5815 | D:7      | Reached skill level 10 in Maces & Flails
  5820 | D:7      | Reached skill level 5 in Armour
  6254 | D:7      | Reached skill level 5 in Fighting
  6260 | D:7      | Reached * piety under Okawaru
  6654 | D:7      | Reached XP level 10. HP: 59/59 MP: 10/10
  6683 | D:8      | Reached ** piety under Okawaru
  6714 | D:8      | Paralysed by fainting for 12 turns
  6870 | D:8      | Reached skill level 11 in Maces & Flails
  7043 | D:8      | Noticed HopefulHyena's ghost (journeyman HOFi)
  7527 | D:8      | Killed HopefulHyena's ghost
  7558 | D:8      | Found a blossoming altar of Fedhas.
  7787 | D:8      | Found a white marble altar of Elyvilon.
  7920 | D:7      | Reached *** piety under Okawaru
  8509 | D:9      | Found Qurug's Distillery.
  8517 | D:9      | Bought a potion of beneficial mutation for 385 gold pieces
  8517 | D:9      | Gained mutation: Your spells are a little harder to cast, but a little more powerful. [potion of beneficial mutation]
  8559 | D:9      | Found Koasa's General Store.
  8600 | D:9      | Found Ager's Jewellery Shoppe.
  8624 | D:9      | Noticed a fire crab
  8626 | D:9      | Found a burning altar of Makhleb.
  8627 | D:9      | Noticed a catoblepas
  8638 | D:9      | Engulfed by a fire crab (shapeshifter)'s flame

Skill      XL: |  1  2  3  4  5  6  7  8  9 10 |
---------------+-------------------------------+-----
Maces & Flails | 3 5 6 7 9 10 11 | 11.7
Shields        | 4 5 7 8 |  8.7
Dodging        | 1 |  1.9
Fighting       | 4 5 |  5.7
Armour         | 4 5 6 |  6.2

Action                   |  1- 3 |  4- 6 |  7- 9 | 10-12 || total
-------------------------+-------+-------+-------+-------++-------
Melee: Flail             |   170 |   210 |   464 |   169 ||  1013
       Morningstar       |       |       |       |   151 ||   151
  Use: Potion            |       |     1 |       |     6 ||     7
       Scroll            |       |       |     5 |       ||     5
  Eat: Chunk             |     1 |     8 |    11 |     8 ||    28
Armor: Scale mail        |    77 |       |       |       ||    77
       Chain mail        |   106 |   134 |   209 |       ||   449
       Plate armour      |       |       |   121 |   353 ||   474
Dodge: Dodged            |    70 |    56 |   125 |   108 ||   359
Block: Shield            |   126 |   109 |   275 |   278 ||   788
